 Dungeon Crawl Stone Soup version 0.30-b1-2-g02819fbbbe (webtiles) character file.

Game seed: 13760205765608667830

96 Metae the Shield-Bearer (level 4, 0/40 HPs)
             Began as a Minotaur Fighter on June 25, 2023.
             Killed from afar by Sigmund (9 damage)
             ... with a puff of flame
             ... on level 3 of the Dungeon.
             The game lasted 00:02:58 (1625 turns).

Metae the Shield-Bearer (Minotaur Fighter)          Turns: 1625, Time: 00:02:59

Health: 0/40       AC:  7    Str: 22    XL:     4   Next: 41%
Magic:  3/3        EV:  9    Int: 11    God:
Gold:   64         SH:  8    Dex: 10    Spells: 3/3 levels left

rFire   . . .        a - +0 rapier
rCold   . . .        i - +0 kite shield
rNeg    . . .        b - +0 scale mail
rPois   .            (helmet restricted)
rElec   .            (no cloak)
rCorr   .            (no gloves)
SInv    .            (no boots)
Will    .....        (no amulet) Stlth
                     r - +6 ring of intelligence
HPRegen 0.26/turn    (no ring)
MPRegen 0.08/turn

%: no passive effects
@: mighty
A: horns 2, retaliatory headbutt
a: no special abilities


You were on level 3 of the Dungeon.
You visited 1 branch of the dungeon, and saw 3 of its levels.

You collected 64 gold pieces.

Inventory:

Hand Weapons
 a - a +0 rapier (weapon)
Missiles
 e - 39 stones (quivered)
Armour
 b - a +0 scale mail (worn)
 c - a +0 buckler
 i - a +0 kite shield (worn)
Jewellery
 o - a ring of protection from fire
 r - a +6 ring of intelligence (left hand)
Scrolls
 f - 2 scrolls of teleportation {unknown}
 g - 3 scrolls of identify {unknown}
 k - a scroll of amnesia {unknown}
 m - a scroll of enchant weapon {unknown}
 p - 2 scrolls of vulnerability {unknown}
Potions
 h - a potion of heal wounds {unknown}
 j - a potion of mutation {unknown}
 l - a potion of flight {unknown}
 n - a potion of resistance {unknown}
 q - 2 potions of curing {unknown}


   Skills:
 + Level 4.2 Fighting
 + Level 3.0 Short Blades
 + Level 4.2 Armour
 + Level 1.7 Dodging
 + Level 4.3 Shields


You had 3 spell levels left.
You didn't know any spells.
Your spell library contained the following spells:

 Spells                   Type           Power      Damage    Failure   Level
 Slow                     Hex            0%         N/A       90%         1
 Blink                    Tloc           0%         N/A       97%         2
 Lesser Beckoning         Tloc           0%         N/A       97%         2
 Momentum Strike          Conj/Tloc      0%         3d8       97%         2
 Confusing Touch          Hex            0%         N/A       99%         3
 Inner Flame              Hex/Fire       0%         N/A       99%         3
 Vampiric Draining        Necr           0%         2d6       99%         3
 Yara's Violent Unravell  Hex/Tmut       0%         3d3       100%        5
 Enfeeble                 Hex            0%         N/A       100%        7


Dungeon Overview and Level Annotations

Branches:
Dungeon (3/15)

Altars:

Annotations:
D:3 Sigmund


Innate Abilities, Weirdness & Mutations

You have a pair of horns on your head.
You reflexively headbutt those who attack you in melee.


Message History

You hit the orc.
You kill the orc!
Sigmund closely misses you.
Items here: ))))) [[ †††.
You closely miss Sigmund. You headbutt Sigmund.
Sigmund is lightly wounded.
You block Sigmund's attack.
You hit Sigmund.
Sigmund is lightly wounded.
You block Sigmund's attack.
You barely miss Sigmund. You headbutt Sigmund.
Sigmund is moderately wounded.
Sigmund casts a spell.
Sigmund flickers and vanishes!
Deactivating autopickup; reactivate with Ctrl-A.
You hit something. Something hits you.
You hit something but do no damage.
You hear a zap.
A puff of flame appears from out of thin air!
The puff of flame hits you.
You hit something but do no damage.
You hear a zap.
A puff of flame appears from out of thin air!
The puff of flame hits you.
You barely miss something. Something hits you.
You miss something. Something hits you!
You closely miss something. You hit something but do no damage.
Something hits you but does no damage.
You closely miss something. Something hits you.
You barely miss something. Something hits you but does no damage.
You miss something. You block something's attack.
You barely miss something. You barely miss something.
Something hits you but does no damage.
You barely miss something. Your headbutt misses something. Something hits you.
* * * LOW HITPOINT WARNING * * *
You feel very mighty all of a sudden.
You hear a zap.
A puff of flame appears from out of thin air!
The puff of flame hits you!
You die...

## ##.. #..# #
#..# .# ..
##..##.o#
.........o.## ....
...##....oo.. ...
##..##{# ... ...
#@# .. #.# #.# ..
#########.###.# .#
#.....##......#
.###.###.##..##..#
.....# #.........#
<###.# #.##...#.##
.# #.....##.......
.#
###.#####....###


There were no monsters in sight!

Vanquished Creatures
  An orc priest (D:3)
  2 adders (D:2)
  A worm (D:2)
  4 orcs (D:3)
  7 ball pythons
  6 endoplasms
  2 giant cockroaches (D:1)
  4 goblins
  5 hobgoblins
  A quokka (D:2)
  2 bats
  A frilled lizard (D:2)
  2 kobolds
  3 rats
41 creatures vanquished.

Notes
Turn   | Place    | Note
-------+----------+-------------------------------------------
     0 | D:1      | Metae the Minotaur Fighter began the quest for the Orb.
     0 | D:1      | Reached XP level 1. HP: 19/19 MP: 0/0
   106 | D:1      | Reached XP level 2. HP: 22/27 MP: 1/1
   204 | D:1      | Found a faded altar of an unknown god.
   841 | D:2      | Reached skill level 1 in Dodging
   842 | D:2      | Reached XP level 3. HP: 27/33 MP: 2/2
  1600 | D:3      | Noticed Sigmund
  1606 | D:3      | Reached XP level 4. HP: 34/40 MP: 3/3
  1625 | D:3      | Killed from afar by Sigmund

Illustrated notes

Levels and vault maps discovered:
D:1:      matt_arrival_grand_opening, layout_loops_ring,
          shapermc_ecumenical_altar_starsandcircs,
          chequers_serial_rivers_large_b
D:2:      layout_loops_ring, chequers_decorated_corner,
          chequers_serial_rivers_small_3
D:3:      wad_pebble_path, layout_loops_ring, serial_glass, glass_columns_a,
          glass_columns_a, uniq_terence, uniq_sigmund

Skill      XL: |  1  2  3 |
---------------+----------+-----
Dodging        | 1 |  1.7
Fighting       | 4 |  4.2
Armour         | 4 |  4.2
Shields        | 4 |  4.3
Short Blades   | 3 |  3.0

Action                     |  1- 3 |  4- 6 || total
---------------------------+-------+-------++-------
  Melee: Rapier            |   121 |    18 ||   139
         Headbutt          |    16 |     2 ||    18
    Use: Potion            |       |     1 ||     1
 Armour: Scale mail        |    45 |     3 ||    48
  Dodge: Dodged            |    36 |     2 ||    38
  Block: Buckler           |     4 |       ||     4
         Kite shield       |    34 |     4 ||    38
